 Seeded DCSS version 0.32-a0-33-g74fbe469d6 (webtiles) character file.

Game seed: 9872065412798756122 (custom seed)

8941 timneilson the Nimble (level 11, -10/77 HPs)
             Began as an Octopode Shapeshifter on Jan 20, 2024.
             Was an Initiate of Gozag.
             Mangled by a komodo dragon (20 damage)
             ... on level 10 of the Dungeon.
             The game lasted 00:27:34 (9595 turns).

timneilson the Nimble (Octopode Shapeshifter)       Turns: 9595, Time: 00:27:35

Health: -10/77     AC: -7    Str: 23    XL:     11   Next: 38%
Magic:  14/14      EV: 26    Int: 20    God:    Gozag
Gold:   353        SH:  5    Dex: 13    Spells: 14/14 levels left

rFire   + .          .
                       - Unarmed
rCold   + . .        (shield currently unavailable)
rNeg    . . .        y - +0 hat {Int+3}
rPois   +            E - amulet of reflection
rElec   +            w - ring of Kezek {rElec EV+5 SInv Stlth+}
rCorr   .            D - ring of Casuq {Str+6 Int+5}
SInv    +            F - ring of Beogh's Regard {rPois Will+}
Will    +....        M - ring of protection from fire
Stlth   +++          N - ring of protection from cold
HPRegen 0.32/turn    (no ring)
MPRegen 0.14/turn    (no ring)
                     (no ring)

%: reflection
@: flux-form, corroded, glowing, studying 2 skills
A: glow, contaminating, almost no armour, amphibious, 8 rings, camouflage 1,
gelatinous body 1, (nimble swimmer 1), tentacles
a: Begin Untransformation, Renounce Religion, Potion Petition, Call Merchant,
Bribe Branch


You were on level 10 of the Dungeon.
You worshipped Gozag.
Gozag was aware of your devotion.
You were something dangerously unstable.
You visited 1 branch of the dungeon, and saw 10 of its levels.

You collected 1903 gold pieces.
You spent 1510 gold pieces at shops.
You paid 40 gold pieces to Gozag.

Inventory:

Missiles
 d - 27 poisoned darts (quivered)
 v - 7 curare-tipped darts
 z - 4 throwing nets
Armour
 y - a +0 hat of intelligence (worn)
Jewellery
 w - the ring of Kezek (left tentacle) {rElec EV+5 SInv Stlth+}
   (You acquired it on level 6 of the Dungeon)

   [ring of evasion]

   EV+5:      It affects your evasion (+5).
   rElec:     It insulates you from electricity.
   SInv:      It lets you see invisible.
   Stlth+:    It makes you more stealthy.
 D - the ring of Casuq (right tentacle) {Str+6 Int+5}
   (You found it on level 7 of the Dungeon)

   [ring of strength]

   Str+6:     It affects your strength (+6).
   Int+5:     It affects your intelligence (+5).
 E - an amulet of reflection (around mantle)
 F - the ring of Beogh's Regard (on tentacle) {rPois Will+}
   (You bought it in a shop on level 8 of the Dungeon)

   [ring of willpower]

   rPois:     It protects you from poison Will+: It increases your willpower.
 G - a ring of wizardry
 M - a ring of protection from fire (on tentacle)
 N - a ring of protection from cold (on tentacle)
Talismans
 b - a beast talisman
 c - a flux talisman (active)
 p - a talisman of death
 K - a dragon-blood talisman
Wands
 u - a wand of iceblast (9)
 x - a wand of paralysis (7)
 H - a wand of flame (10)
Scrolls
 f - 3 scrolls of revelation
 h - a scroll of fear
 i - 2 scrolls of brand weapon
 k - 2 scrolls of poison
 m - a scroll of vulnerability {unknown}
 q - a scroll of fog
 r - 7 scrolls of teleportation
 t - 2 scrolls of amnesia
 A - a scroll of immolation {unknown}
 B - a scroll of silence
 J - a scroll of identify
Potions
 a - a potion of lignification
 e - 3 potions of magic {unknown}
 g - 2 potions of curing
 j - 2 potions of enlightenment
 l - 3 potions of mutation
 n - 3 potions of invisibility
 o - a potion of brilliance
 C - a potion of might {unknown}
 I - a potion of attraction {unknown}
 L - a potion of degeneration {unknown}


   Skills:
 * Level 7.9 Fighting
 * Level 10.2 Dodging
 + Level 8.0 Stealth
 * Level 8.5 Unarmed Combat
 + Level 2.4 Spellcasting
 + Level 4.2 Evocations
 * Level 9.4 Shapeshifting


You had 14 spell levels left.
You didn't know any spells.
Your spell library contained the following spells:

 Spells                   Type           Power      Damage    Failure   Level
 Call Imp                 Summ           4%         N/A       22%         2
 Ensorcelled Hibernation  Hex/Ice        4%         N/A       22%         2
 Sublimation of Blood     Necr           2%         N/A       22%         2
 Passwall                 Erth           2%         N/A       41%         3
 Swiftness                Air            2%         N/A       41%         3
 Summon Hydra             Summ           1%         N/A       100%        7


Dungeon Overview and Level Annotations

Branches:
Dungeon (10/15)            Temple (0/1) D:5            Lair (0/5) D:9
    Orc: D:9-12

Altars:
Cheibriados
Dithmenos
Gozag
Nemelex Xobeh
Trog
Uskayaw
Wu Jian
Xom
Yredelemnul

Shops:
D:1 :   D:8 =   D:9 *

Annotations:
D:4 2 runed translucent doors, PrincessEmiBear's ghost, amateur TrGl
D:10 1 runed translucent door, timneilson's ghost, novice GrFi


Innate Abilities, Weirdness & Mutations

You are something dangerously unstable.
You glow with magical radiation, making you easy to see and hit.
Foes you strike become dangerously contaminated with magical radiation.
You are incapable of wielding weapons or throwing items.
You cannot wear most types of armour.
You are amphibious.
You can wear up to eight rings at the same time.
Your skin changes colour to match your surroundings (Stealth+).
Your rubbery body absorbs attacks. (AC +1, EV +1)
((You are camouflaged when in or above water. (Stealth+)))
You have tentacles for arms and can constrict up to eight enemies at once.


Message History

You tentacle-slap the shadow.
The shadow shudders as magic cascades through it!!
You destroy the shadow!
You now have 338 gold pieces (gained 5).
There is an open door here.
Found a battleaxe.
You open the door.
There is an open door here.
There is an open door here.
You see here 15 gold pieces.
You now have 353 gold pieces (gained 15).
A komodo dragon comes into view.
The acid dragon roars!
The komodo dragon hisses angrily.
The komodo dragon moves out of view.
The acid dragon spits acid at you. The splash of acid hits you!
The acid corrodes you! The acid dragon closely misses you.
The acid dragon barely misses you.
You barely miss the acid dragon. The acid dragon spits acid at you.
The splash of acid hits you!! The acid corrodes you!
You tentacle-slap the acid dragon but do no damage.
The acid dragon begins to glow.
You squeeze the acid dragon.
The acid dragon is lightly wounded.
The acid dragon barely misses you. The acid dragon completely misses you.
You barely miss the acid dragon. You squeeze the acid dragon.
The acid dragon is moderately wounded.
You block the komodo dragon's attack.
You tentacle-slap the acid dragon but do no damage.
The acid dragon glows dangerously bright.
The acid dragon is moderately wounded.
The acid dragon bites you! The acid dragon claws you.
The komodo dragon bites you!!
* * * LOW HITPOINT WARNING * * *
Unknown command.
As you read the scroll of fear, it crumbles to dust.
You assume a fearsome visage.
The acid dragon looks frightened!
The komodo dragon resists with some effort.
The komodo dragon bites you!!
You die...
Your body crumbles into a pile of gold.

PP.P.....#...[..#...............#
P...P....#......'.[##'########'##
P...P....#......#..#.............
P...P....#......#..#.............
PPPPP....#......####.........%...
...#.....#..............########.
#..#.....###............# #.
#.##.......#...l........# #.
#.#........#..D.p.......# #.
+.#........#...######...# #.
#.####.....#...# ..# #.
.....#######... .# ..... ..... #
..... .... ..... . ..... .....


You could see a komodo dragon and an acid dragon (fleeing, heavy contam).

Vanquished Creatures
  Gastronok (D:10)
  Fannar (D:10)
  A deep elf pyromancer (D:7)
  2 unseen horrors (D:10)
  Sigmund (D:3)
  2 shadows (D:10)
  A wyvern (D:8)
  5 yaks (D:10)
  A steam dragon (D:7)
  3 vampire mosquitoes (D:10)
  2 water moccasins (D:7)
  2 orc warriors
  3 ice beasts
  2 ogres
  3 black bears
  2 sky beasts
  6 centaurs
  2 kobold brigands
  Blork the orc (D:4)
  4 bullfrogs
  A gnoll sergeant (D:9)
  2 scorpions
  6 wights
  8 killer bees
  The ghost of justen the Sneak, a weakling MiEn of Cheibriados (D:3)
  5 howler monkeys (D:9)
  2 bombardier beetles
  7 hounds
  A gnoll bouda (D:9)
  4 orc priests
  4 jellies
  3 sleepcaps
  6 iguanas
  An orc wizard (D:9)
  2 hound zombies (D:5)
  16 gnolls
  6 adders
  A white imp (D:6)
  2 ufetubi (D:6)
  A dart slug (D:4)
  2 ribbon worms
  18 orcs
  A bat (D:1)
  10 endoplasms
  A giant cockroach (D:2)
  6 goblins
  10 hobgoblins
  2 jackals (D:9)
  A quokka (D:4)
  2 ball pythons
  2 frilled lizards (D:1)
  18 kobolds
  4 rats
201 creatures vanquished.

Notes
Turn   | Place    | Note
-------+----------+-------------------------------------------
     0 | D:1      | timneilson the Octopode Shapeshifter began the quest for
                  | the Orb.
     0 | D:1      | Reached XP level 1. HP: 13/13 MP: 1/1
   248 | D:1      | Found Logiotz's Book Emporium.
   322 | D:1      | Reached XP level 2. HP: 18/18 MP: 2/2
  1015 | D:2      | Reached skill level 1 in Stealth
  1133 | D:2      | Reached XP level 3. HP: 19/23 MP: 3/3
  1300 | D:2      | Found a faded altar of an unknown god.
  2039 | D:3      | Found a sparkling altar of Nemelex Xobeh.
  2040 | D:3      | Found an opulent altar of Gozag.
  2045 | D:3      | Became a worshipper of Gozag Ym Sagoz the Greedy
  2059 | D:3      | Found a runed translucent gate.
  2059 | D:3      | Found a runed translucent gate.
  2059 | D:3      | Found a runed translucent gate.
  2059 | D:3      | Noticed justen's ghost (weakling MiEn)
  2060 | D:3      | Identified the +2 leather armour of Nubi {rElec Regen+}
  2131 | D:3      | Found a shadowy altar of Dithmenos.
  2132 | D:3      | Found a shimmering altar of Xom.
  2277 | D:3      | Noticed a kobold brigand
  2280 | D:3      | Noticed Sigmund
  2301 | D:3      | Killed Sigmund
  2302 | D:3      | Reached skill level 3 in Dodging
  2302 | D:3      | Reached XP level 4. HP: 20/30 MP: 4/4
  2302 | D:3      | Reached XP level 5. HP: 24/35 MP: 5/5
  2384 | D:3      | Reached XP level 6. HP: 41/41 MP: 6/6
  2818 | D:3      | Killed justen's ghost
  2903 | D:4      | Noticed a black bear
  2911 | D:4      | Killed a black bear
  2912 | D:4      | Reached XP level 7. HP: 32/46 MP: 7/7
  3204 | D:4      | Found a snail-covered altar of Cheibriados.
  3515 | D:4      | Found a runed translucent door.
  3537 | D:4      | Found a runed translucent door.
  3538 | D:4      | Noticed PrincessEmiBear's ghost (amateur TrGl)
  3917 | D:4      | Reached skill level 4 in Dodging
  4035 | D:4      | Noticed Blork the orc
  4044 | D:4      | Killed Blork the orc
  4331 | D:5      | Entered Level 5 of the Dungeon
  4350 | D:5      | Reached skill level 5 in Unarmed Combat
  4350 | D:5      | Reached XP level 8. HP: 54/54 MP: 8/8
  4370 | D:5      | Found a staircase to the Ecumenical Temple.
  4385 | D:5      | Reached skill level 5 in Shapeshifting
  4657 | D:5      | Found a basalt altar of Yredelemnul.
  4725 | D:5      | Reached skill level 5 in Dodging
  4996 | D:5      | Found a hide-covered altar of Uskayaw.
  5022 | D:5      | Identified a scroll of acquirement
  5022 | D:5      | Acquired a manual of Dodging
  5054 | D:6      | Reached skill level 5 in Fighting
  5083 | D:6      | Reached skill level 5 in Stealth
  5140 | D:6      | Reached XP level 9. HP: 59/61 MP: 9/9
  5255 | D:6      | Reached skill level 6 in Dodging
  5372 | D:6      | Reached skill level 1 in Evocations
  6051 | D:6      | Acquired the ring of Kezek {rElec EV+5 SInv Stlth+}
  6053 | D:6      | Acquired a +0 hat of intelligence
  6055 | D:6      | Acquired a manual of Shapeshifting
  6237 | D:7      | Found an ornate altar of the Wu Jian Council.
  6397 | D:7      | Noticed a deep elf pyromancer
  6420 | D:7      | Reached skill level 7 in Dodging
  6545 | D:7      | Killed a deep elf pyromancer
  6546 | D:7      | Reached XP level 10. HP: 48/69 MP: 6/10
  6555 | D:7      | Reached skill level 8 in Dodging
  6676 | D:7      | Identified the ring of Casuq {Str+6 Int+5}
  7013 | D:8      | Found Udeps's Jewellery Shoppe.
  7019 | D:8      | Bought an amulet of reflection for 390 gold pieces
  7019 | D:8      | Bought the ring of Beogh's Regard {rPois Will+} for 470
                  | gold pieces
  7465 | D:8      | Found a bloodstained altar of Trog.
  7720 | D:8      | Reached skill level 1 in Spellcasting
  7838 | D:9      | Found Xajeloir's Assorted Antiques.
  7854 | D:9      | Found a staircase to the Lair.
  8655 | D:10     | Entered Level 10 of the Dungeon
  8655 | D:10     | Found a runed translucent door.
  8733 | D:10     | Noticed an unseen horror
  8742 | D:10     | Killed an unseen horror
  8743 | D:10     | Reached skill level 9 in Dodging
  8773 | D:10     | Noticed an unseen horror
  8785 | D:10     | Killed an unseen horror
  8793 | D:10     | Noticed timneilson's ghost (novice GrFi)
  8918 | D:10     | Reached XP level 11. HP: 56/75 MP: 13/13
  9019 | D:8      | Bought a ring of protection from fire for 325 gold pieces
  9019 | D:8      | Bought a ring of protection from cold for 325 gold pieces
  9110 | D:10     | Noticed Gastronok
  9142 | D:10     | Killed Gastronok
  9219 | D:10     | Reached skill level 10 in Dodging
  9395 | D:10     | Noticed Fannar
  9404 | D:10     | Killed Fannar
  9595 | D:10     | Mangled by a komodo dragon

Illustrated notes

Levels and vault maps discovered:
D:1:      dpeg_arrival_stone_temple_mockup, layout_loops_corners, serial_shops,
          shop, minmay_split_cup_large
D:2:      layout_basic, chequers_ecumenical_altar_grove, chequers_jeans
D:3:      cheibrodos_thug_alley, layout_rooms, grunt_temple_overflow_opulence,
          grunt_temple_overflow_open, biasface_ghost_orc_armoury, uniq_sigmund
D:4:      minmay_razor_zed, layout_gridville, cheibriados_altar_1,
          ebering_ghost_sewer_f, serial_bayou, serial_bayou_pond_d,
          serial_bayou_shore_b, serial_bayou_pond_a, serial_bayou_shore_b,
          uniq_blork_the_orc
D:5:      layout_rooms, lemuel_doored_altar, lemuel_zombie_altar_yredelemnul,
          minmay_temple_entry_overgrown, nicolae_underground_beach
D:6:      layout_basic
D:7:      minmay_clustersquares, layout_loops_cross,
          mainiacjoe_overflow_catwalk, kennysheep_windowed_goal
D:8:      layout_loops_ring, general_overflow_altar, serial_shops,
          nicolae_diamond_shop
D:9:      layout_cave_pools, lair_entry_dummy, serial_gnoll_camp,
          gnoll_camp_mini_shop, gnoll_camp_medium_02, gnoll_camp_mini_hut,
          gnoll_camp_mini_hut
D:10:     layout_irregular_city, hellmonk_ghost_big_iron,
          minmay_gold_behind_fungi, uniq_fannar, uniq_gastronok

Skill      XL: |  1  2  3  4  5  6  7  8  9 10 11 |
---------------+----------------------------------+-----
Stealth        | 1 2 3 5 6 7 8 |  8.0
Fighting       | 2 3 4 5 6 7 |  7.9
Dodging        | 3 4 5 7 9 10 | 10.2
Unarmed Combat | 4 5 7 8 |  8.5
Shapeshifting  | 4 5 7 8 9 |  9.4
Evocations     | 2 3 4 |  4.2
Spellcasting   | 1 2 |  2.4

Action                     |  1- 3 |  4- 6 |  7- 9 | 10-12 || total
---------------------------+-------+-------+-------+-------++-------
  Melee: Unarmed           |    64 |    51 |   194 |   230 ||   539
         Tentacles         |    14 |    16 |    49 |    75 ||   154
         Constrict         |     9 |    12 |    37 |    60 ||   118
         Punch             |       |     1 |    10 |       ||    11
  Throw: Dart              |       |       |    35 |       ||    35
  Evoke: Wand              |       |       |       |     3 ||     3
    Use: Scroll            |    10 |     3 |     8 |     2 ||    23
         Potion            |     1 |     1 |     1 |     2 ||     5
   Stab: Sleeping          |    12 |       |    19 |     1 ||    32
         Invisible         |     1 |       |     5 |     2 ||     8
         Distracted        |       |     1 |     2 |       ||     3
 Armour: Skin              |    20 |    23 |    60 |    55 ||   158
  Dodge: Dodged            |    22 |    15 |   116 |   166 ||   319
  Block: Other             |       |       |       |    35 ||    35
         Reflection        |       |       |       |     3 ||     3
   Form: Flux              |       |       |       |     1 ||     1

Table legend: (Time is in decaauts)
 A = Elapsed time spent in this place.
 B = Non-inter-level travel time spent in this place.
 C = Inter-level travel time spent in this place.
 D = Time resting spent in this place.
 E = Time spent auto-exploring this place.
 F = Levels seen in this place.
 G = Mean time per level.
                   A        B        C        D        E       F      G
               +--------+--------+--------+--------+--------+-----+--------+
         Total |   9536 |   9013 |    523 |    766 |   5437 |  10 |  953.6 |
       Dungeon |   9536 |   9013 |    523 |    766 |   5437 |  10 |  953.6 |
               +--------+--------+--------+--------+--------+-----+--------+

Top non-repeatable levels by time:
     D:4: 1436 daAuts
     D:6: 1010 daAuts
     D:1: 1008 daAuts
     D:8: 966 daAuts
     D:3: 947 daAuts
     D:2: 926 daAuts
     D:9: 888 daAuts
    D:10: 827 daAuts
     D:7: 818 daAuts
     D:5: 706 daAuts
